 Dungeon Crawl Stone Soup version 0.17-a0-1701-gf693a3f (webtiles) character file.

0 hexophile the Ducker (level 1, -1/11 HPs)
             Began as a Spriggan Abyssal Knight on Aug 22, 2015.
             Was a Follower of Lugonu.
             Slain by an ufetubus (4 damage)
             ... while paralysed by a great orb of eyes
             ... on level 3 of the Abyss.
             The game lasted 00:01:30 (461 turns).

hexophile the Ducker (Spriggan Abyssal Knight)       Turns: 461, Time: 00:01:30

Health: -1/11      AC:  2    Str:  8    XL:     1   Next: 0%
Magic:  3/3        EV:  4    Int: 13    God:    Lugonu [*.....]
Gold:   57         SH:  0    Dex: 15    Spells: 0 memorised, 0 levels left

rFire  . . .     SeeInvis +     a - +1 spear
rCold  . . .     Clarity  .     b - +0 robe
rNeg   . . .     SustAt   .     (shield restricted)
rPois  .         Gourm    .     (helmet restricted)
rElec  .         Spirit   .     (no cloak)
rCorr  .         Warding  .     (gloves unavailable)
rMut   .         Stasis   .     (boots unavailable)
MR     .....                    (no amulet)
Stlth  +.........               (no ring)
                                (no ring)

@: paralysed, very quick, not resistant to hostile enchantments, very unstealthy
A: unfitting armour, see invisible, herbivore 3, speed 3, slow metabolism 2
a: Depart the Abyss, Renounce Religion


You were on level 3 of the Abyss.
You worshipped Lugonu.
Lugonu was aware of your devotion.
You were not hungry.

You visited 0 branches of the dungeon, and saw 0 of its levels.
You visited the Abyss 1 time.

You collected 57 gold pieces.

Inventory:

Hand weapons
 a - a +1 spear (weapon)
Armour
 b - a +0 robe (worn)
Potions
 d - a potion of resistance
 e - a potion of degeneration {unknown}
Books
 f - a book of Flames

   Spells                             Type                      Level
   a - Flame Tongue                   Conjuration/Fire             1
   b - Throw Flame                    Conjuration/Fire             2
   c - Conjure Flame                  Conjuration/Fire             3
   d - Inner Flame                    Hexes/Fire                   3
   e - Sticky Flame                   Conjuration/Fire             4
   f - Fireball                       Conjuration/Fire             5
Comestibles
 c - a bread ration


   Skills:
 - Level 2.4 Fighting
 - Level 1.3 Polearms
 - Level 3.5 Dodging
 + Level 0.0 Stealth
 - Level 1.7 Invocations


You couldn't memorise any spells.
You didn't know any spells.

Dungeon Overview and Level Annotations

Branches:
Dungeon (0/15)

Altars:


Innate Abilities, Weirdness & Mutations

You are tiny and cannot use many weapons and most armour.
You have supernaturally acute eyesight.
You are a herbivore.
You cover ground extremely quickly.
You need consume almost no food.


Message History

d - a potion of resistance
Found a pair of boots and a scroll of identify.
Found a metal-bound book and an encrusted ring mail.
You see here an encrusted ring mail.
Found a corrupted altar of Lugonu.
Found 46 gold pieces.
A great orb of eyes comes into view.
The great orb of eyes turns its gaze towards you.
You see here 46 gold pieces.
Found a hunting sling.
Found 37 gold pieces.
A chaos spawn comes into view.
An ufetubus comes into view.
The ufetubus shouts!
The great orb of eyes gazes at you.
You suddenly lose the ability to move!
The ufetubus hits you. x2
* * * LOW HITPOINT WARNING * * *
The ufetubus hits you.
You die...

. # . ..# ## ... ##
..#..# .. ##. ###....#..
#. ## . ##.. ..# . .. .#
# ..# #..# .# #
.#####... ###..##.#.###
....#. ...#.....#.....#.
................@.......
... .....#....5#.....#.
.. #..$###..G###...## #
## ##G## ##.## #.## . .
##...###...## ...## ...#
....#... .#.....# ......
......5......§... ....#.
...#.....#..3§.#. ..
###...###.. ###...##


You could see a great orb of eyes and an ufetubus.

Vanquished Creatures (others)
  2 starspawn tentacles (Abyss:2)
  24 starspawn tentacle segments (Abyss:2)
26 creatures vanquished.

Notes
Turn   | Place    | Note
--------------------------------------------------------------
     0 | Abyss:1  | hexophile the Spriggan Abyssal Knight began the quest for the Orb.
     0 | Abyss:1  | Reached XP level 1. HP: 11/11 MP: 3/3
   130 | Abyss:2  | Noticed a hellion
   351 | Abyss:2  | Noticed a tentacled starspawn
   415 | Abyss:3  | Noticed a neqoxec
   430 | Abyss:3  | Found a corrupted altar of Lugonu.
   441 | Abyss:3  | Noticed a great orb of eyes
   450 | Abyss:3  | Noticed a chaos spawn
   452 | Abyss:3  | Noticed a neqoxec
   458 | Abyss:3  | Paralysed by a great orb of eyes for 7 turns
   461 | Abyss:3  | Slain by an ufetubus

Vault maps used:
Abyss:1:  evilmike_abyss_exit_disperse
Abyss:2:  minivault_22

Action                   || total
-------------------------++-------
  Use: Scroll            ||     3
       Potion            ||     1
